 Dungeon Crawl Stone Soup version 0.21-a0-91-ga5031da (webtiles) character file.

77 sagitran the Skirmisher (level 4, -6/43 HPs)
             Began as a Gnoll Wanderer on June 29, 2017.
             Killed by nerve-wracking pain
             ... invoked by an orc priest
              (13 damage)
             ... on level 3 of the Dungeon.
             The game lasted 00:13:08 (1794 turns).

sagitran the Skirmisher (Gnoll Wanderer)            Turns: 1794, Time: 00:13:09

Health: -6/43      AC:  5    Str: 11    XL:     4   Next: 33%
Magic:  4/4        EV: 10    Int: 12    God:
Gold:   120        SH:  5    Dex: 14    Spells: 3/3 levels left

rFire    . . .     SeeInvis .   e - +0 spear
rCold    . . .     Gourm    .   o - +0 buckler
rNeg     . . .     Faith    .   c - +0 ring mail
rPois    .         Spirit   .   (no helmet)
rElec    .         Reflect  .   (no cloak)
rCorr    .         Harm     .   (no gloves)
MR       .....                  (no boots)
Stlth    +.........             (no amulet)
HPRegen  0.14/turn              (no ring)
MPRegen  0.09/turn              (no ring)

@: no status effects
A: short attention span, fangs 1, strong nose
a: no special abilities


You were on level 3 of the Dungeon.
You were not hungry.

You visited 1 branch of the dungeon, and saw 3 of its levels.

You collected 120 gold pieces.

Inventory:

Hand Weapons
 a - a +2 dagger
 e - a +0 spear (weapon)
Armour
 c - a +0 ring mail (worn)
 o - a +0 buckler (worn)
Scrolls
 b - a scroll of blinking
 h - a scroll of recharging {unknown}
 i - 2 scrolls of identify {unknown}
 j - 2 scrolls of noise {unknown}
 k - a scroll of teleportation {unknown}
 n - 4 scrolls of magic mapping {unknown}
 p - a scroll of remove curse {unknown}
 u - a scroll of fog {unknown}
Potions
 d - 2 potions of lignification
 g - 2 potions of curing {unknown}
 l - a potion of agility {unknown}
 m - a potion of haste {unknown}
 q - a potion of cancellation {unknown}
 r - a potion of flight {unknown}
 s - a potion of berserk rage {unknown}
 t - a potion of heal wounds {unknown}
Comestibles
 f - 2 bread rations


   Skills:
 + Level 7.3 Fighting
 + Level 2.4 Polearms
   Level 1.7 Crossbows
 + Level 2.9 Armour
 + Level 1.6 Dodging
 + Level 2.3 Stealth
 + Level 3.2 Shields


You had 3 spell levels left.
You didn't know any spells.

Dungeon Overview and Level Annotations

Branches:
Dungeon (3/15)

Altars:

Annotations:
D:3 Soeti's ghost, amateur NaBe


Innate Abilities, Weirdness & Mutations

You have a short attention span.
You have very sharp teeth.
Your uncanny sense of smell can sniff out nearby items.


Message History

The orc moves out of view.
Found an orange potion.
The orc drinks a potion.
The orc flickers and vanishes!
Deactivating autopickup; reactivate with Ctrl-A.
You see here an orange potion.
Your ring mail prevents you from hitting something.
The orc shouts!
You bite something.
You hear a shout!
Something hits you but does no damage.
t - an orange potion You hit the orc.
The orc is almost dead.
You closely miss the orc priest. The orc closely misses you.
The orc priest invokes the aid of Beogh against you.
Pain shoots through your body!
* * * LOW HITPOINT WARNING * * *
The orc priest calls down the wrath of Beogh upon you.
Pain shoots through your body!
You die...

######. ##..##.###
.......###..........
#..............###.
#.###.####..#### #.
###..# #. #....#
.#.###. #.#..#
.......##.#..##
#.....@.o....#
#..#####o#...#
#{......#
###........
##..........
...........
.......### #.#.#.##
#<.#


You could see an orc priest and an orc.

Vanquished Creatures
  3 adders
  A shadow imp (D:3)
  2 worms (D:2)
  2 leopard geckos
  A giant cockroach (D:2)
  6 goblins
  3 hobgoblins
  8 kobolds
  3 bats
  3 frilled lizards
  4 rats
36 creatures vanquished.

Notes
Turn   | Place    | Note
-------+----------+-------------------------------------------
     0 | D:1      | sagitran the Gnoll Wanderer began the quest for the Orb.
     0 | D:1      | sagitran set off with: a +2 dagger, a scroll of blinking, a +0 ring mail, a potion of lignification, a bread ration
     0 | D:1      | Reached XP level 1. HP: 22/22 MP: 1/1
   361 | D:1      | Reached XP level 2. HP: 28/29 MP: 2/2
   830 | D:1      | Reached skill level 7 in Fighting
   830 | D:1      | Reached XP level 3. HP: 32/36 MP: 3/3
  1051 | D:3      | Noticed Soeti's ghost (amateur NaBe)
  1408 | D:2      | Reached skill level 1 in Dodging
  1408 | D:2      | Reached XP level 4. HP: 42/43 MP: 4/4
  1711 | D:3      | Paralysed by fainting for 8 turns
  1766 | D:3      | Paralysed by fainting for 5 turns
  1778 | D:3      | Paralysed by fainting for 5 turns
  1794 | D:3      | Killed from afar by an orc priest

Vault maps used:
D:1:      enne_arrival_octagon_isle
D:3:      gammafunk_temple_overflow_statue

Skill      XL: |  1  2  3 |
---------------+----------+-----
Polearms       | 2 |  2.4
Armour         | 2 |  2.9
Fighting       | 7 |  7.3
Stealth        | 2 |  2.3
Dodging        | 1 |  1.6
Crossbows      | |  1.7
Shields        | |  3.2

Action                   |  1- 3 |  4- 6 || total
-------------------------+-------+-------++-------
Melee: Spear             |   109 |    75 ||   184
       Bite              |     9 |     7 ||    16
       Dagger            |     1 |       ||     1
  Use: Potion            |     1 |     1 ||     2
 Stab: Sleeping          |     2 |       ||     2
  Eat: Bread ration      |       |     1 ||     1
Armor: Ring mail         |    43 |    21 ||    64
Dodge: Dodged            |    46 |    24 ||    70
Block: Buckler           |    11 |    15 ||    26
